healhack, neutral female sylph Healer ----- ----...---- |.......... -----## +.........| |....# |.........| |...|# |......<..| |.{.|# ---|-.----- -.---############ #### # ## # ### # ### Y--.------- E|......(.| #f......[.| |.........## ---------- healhack the Embalmer Experience level: 6 Strength: 10 Dexterity: 13 Constitution: 15 Intelligence: 10 Wisdom: 14 Charisma: 16 Health: 0(60) Energy: 53(53) Def: 0 Gold: 77 Moves: 6182 Dungeon seed: fnBGNGxFIdaKTuPs Game ID: healhack_1464715106 Your Inventory: Coins $ - 77 gold pieces Amulets F - an uncursed amulet of reflection (being worn) Weapons d - a blessed +2 dwarvish short sword j - 3 uncursed +0 dwarvish spears (wielded) N - 55 uncursed +0 darts (in quiver) Armor e - an uncursed +0 dwarvish cloak q - an uncursed +0 dwarvish cloak (being worn) Comestibles P - an uncursed cherry Wands h - an uncursed wand of sleep (0:5) J - an uncursed wand of cancellation (0:6) Tools b - an uncursed stethoscope k - an uncursed lock pick n - an uncursed leash (in use) s - an uncursed towel B - an uncursed bag of holding Q - an uncursed oil lamp (0:1085) Contents of the bag of holding: 2228 gold pieces 5 blessed +1 daggers 3 uncursed +0 daggers 55 blessed +0 darts an uncursed +0 elven dagger an uncursed +0 elven spear an uncursed +1 knife an uncursed +0 orcish dagger 2 uncursed poisoned +0 darts an uncursed egg 10 blessed eucalyptus leaves 2 uncursed eucalyptus leaves an uncursed fortune cookie an uncursed tripe ration a blessed scroll of blank paper 3 uncursed scrolls of blank paper a blessed scroll of identify 4 uncursed scrolls of identify an uncursed scroll of magic mapping an uncursed scroll of remove curse a blessed potion of see invisible an uncursed ring of see invisible an uncursed ring of warning an uncursed wand of enlightenment (0:9) an uncursed wand of striking (0:5) an uncursed wand of undead turning (0:5) an uncursed +0 pick-axe an uncursed tallow candle (0:200) an uncursed tin whistle an uncursed tinning kit (0:38) an uncursed agate stone 8 uncursed flint stones an uncursed flint stone named noncursed an uncursed garnet stone an uncursed worthless piece of white glass Spells and supernatural/magical abilities: Name Level Category Fail Memory h - healing 1 healing 0% 70% x - extra healing 3 healing 20% 70% S - stone to flesh 3 healing 35% 70% W - pray for help -- divine ? -- Your skills at the end: Miscellaneous Skills wands [Basic] Weapon Skills knife [Basic] spear [Basic] dart [Basic] Spellcasting Skills healing spells [Basic] Final Attributes: You were piously aligned. You were poison resistant. You saw invisible. You had infravision. You were stealthy. You were held by an owlbear. You were protected from shape changers. You had reflection. You were lucky. You are dead. Vanquished creatures: a small mimic a giant beetle 2 wolves a quivering blob a vampire bat a dwarf lord a gnome mummy a snake 6 human zombies a bugbear a baby crocodile a wood nymph 2 Mordor orcs 3 rock piercers 3 fog clouds 3 gnome lords 2 gnomish wizards a gray ooze a paper golem a little dog 2 floating eyes 12 dwarves an iguana 3 orc zombies 4 killer bees 2 coyotes a gas spore 5 hobbits 3 large kobolds 3 geckos 3 hobgoblins a giant rat a cave spider a red mold 17 gnomes 7 garter snakes 11 jackals 11 newts 6 goblins 5 sewer rats 4 grid bugs a bat 4 lichens 3 kobold zombies 145 creatures vanquished. Voluntary challenges: You followed a strict vegan diet. You used a wielded weapon 204 times, starting on turn 2. You did not apply a unicorn horn. You were illiterate. You never genocided any monsters. You never polymorphed an object. You never changed form. You used no wishes. You never split a pudding. You never wrote Elbereth's name. You never violated your personal moral code. Dungeon overview: The Dungeons of Doom: levels 1 to 9 Level 1 a long staircase Level 2 Level 3 a sink Level 4 a fountain, a sink stairs to The Gnomish Mines Level 5 a fountain Level 6 Level 7 a fountain Level 8 Level 9 <- You were here a fountain The Gnomish Mines: levels 5 to 9 Level 5 stairs to The Dungeons of Doom Level 6 Level 7 Level 8 some shops, a temple to Hermes, a magic chest, some fountains Level 9 History has recorded: On T:1 you entered the Dungeons of Doom to retrieve the Amulet of Yendor! On T:451 you reached level 2 of The Dungeons of Doom. On T:664 you reached level 3 of The Dungeons of Doom. On T:1103 you reached level 4 of The Dungeons of Doom. On T:1185 you advanced to experience level 2. On T:1235 you reached level 5 of The Dungeons of Doom. On T:1511 you reached level 1 of The Gnomish Mines. On T:1514 you advanced to experience level 3. On T:1905 you reached level 2 of The Gnomish Mines. On T:1952 you advanced to experience level 4. On T:2631 you reached level 3 of The Gnomish Mines. On T:3270 you reached level 4 of The Gnomish Mines. On T:3400 you opened a magic chest. On T:3402 you opened a magic chest. On T:3403 you opened a magic chest. On T:3440 you opened a magic chest. On T:3445 you opened a magic chest. On T:3451 you opened a magic chest. On T:3451 you opened a magic chest. On T:3525 you entered the Minetown temple On T:3779 you reached level 5 of The Gnomish Mines. On T:3858 you opened a magic chest. On T:3872 you opened a magic chest. On T:4283 you advanced to experience level 5. On T:4526 you opened a magic chest. On T:4547 you opened a magic chest. On T:4550 you opened a magic chest. On T:4556 you opened a magic chest. On T:4654 you advanced to experience level 6. On T:5330 you reached level 6 of The Dungeons of Doom. On T:5577 you reached level 7 of The Dungeons of Doom. On T:5959 you reached level 8 of The Dungeons of Doom. On T:6047 you reached level 9 of The Dungeons of Doom. Score breakdown: Gold: 743 ( 74 points) Experience: 6 levels ( 500 points) Exploration: 9 levels ( 240 points) Discoveries: 14 items ( 700 points) Variety of kills: 44 monsters ( 2000 points) Major goal: reached Minetown ( 500 points) Survival: died (score multiplied by 3) Total score: 12042 Latest messages: j - 2 uncursed dwarvish spears (wielded). e - a dwarvish cloak. N - 3 uncursed darts (in quiver). The large cat eats a dwarf lord corpse. N - 2 uncursed darts (in quiver). N - an uncursed dart (in quiver). The door resists! The door opens. You miss the owlbear. The owlbear claws you! (2x) You jab the owlbear! The owlbear is lightly wounded. The owlbear claws you! (2x) The owlbear grabs you! You jab the owlbear! The owlbear is moderately wounded. The owlbear claws you! (2x) You are being crushed. You cannot escape from the owlbear! The owlbear claws you! (2x) You are being crushed. You die... Final status: Goodbye healhack the Healer, killed by an owlbear... You died in The Dungeons of Doom on dungeon level 9 with 12042 points, and 2305 pieces of gold, after 6182 moves. You were level 6 with a maximum of 60 hit points when you died.